 Dungeon Crawl Stone Soup version 0.23-a0-681-g26ad783 (webtiles) character file.

175 Lilu the Conjurer (level 5, -5/28 HPs)
             Began as a Deep Elf Conjurer on Jan 10, 2019.
             Slain by Sigmund
             ... wielding a +0 scythe
              (13 damage)
             ... on level 3 of the Dungeon.
             The game lasted 00:06:25 (1978 turns).

Lilu the Conjurer (Deep Elf Conjurer)               Turns: 1978, Time: 00:06:25

Health: -5/28      AC:  7    Str:  5    XL:     5   Next: 29%
Magic:  11/14      EV: 13    Int: 21    God:
Gold:   122        SH:  0    Dex: 15    Spells: 6/13 levels left

rFire    . . .     SeeInvis .   v - +0 whip (venom)
rCold    . . .     Gourm    .   (no shield)
rNeg     . . .     Faith    .   y - +0 leather armour
rPois    .         Spirit   .   r - +0 helmet
rElec    .         Reflect  .   t - +0 cloak
rCorr    .         Harm     .   s - +0 pair of gloves
MR       .....                  n - +0 pair of boots
Stlth    ++........             j - amulet of magic regeneration
HPRegen  0.09/turn              (no ring)
MPRegen  0.39/turn              (no ring)

@: no status effects
A: no striking features
a: no special abilities


You were on level 3 of the Dungeon.
You were not hungry.

You visited 1 branch of the dungeon, and saw 3 of its levels.

You collected 122 gold pieces.

Inventory:

Hand Weapons
 v - a +0 whip of venom (weapon)
Armour
 n - a +0 pair of boots (worn)
 r - a +0 helmet (worn)
 s - a +0 pair of gloves (worn)
 t - a +0 cloak (worn)
 y - a +0 leather armour (worn)
Jewellery
 g - an uncursed amulet of guardian spirit
 j - an amulet of magic regeneration (around neck)
Scrolls
 b - 3 scrolls of teleportation {unknown}
 e - 2 scrolls of remove curse {unknown}
 f - 3 scrolls of magic mapping {unknown}
 i - 3 scrolls of random uselessness {unknown}
 m - a scroll of noise {unknown}
 p - 2 scrolls of identify {unknown}
Potions
 d - 4 potions of curing
 h - a potion of haste {unknown}
 k - a potion of flight {unknown}
 l - a potion of agility {unknown}
 q - 2 potions of ambrosia {unknown}
 u - a potion of brilliance {unknown}
 w - a potion of heal wounds {unknown}
 x - a potion of might {unknown}
 z - a potion of lignification {unknown}
 A - a potion of mutation {unknown}
Comestibles
 c - 5 rations
 o - 7 chunks of flesh


   Skills:
 + Level 4.2 Dodging
 - Level 2.8 Stealth
 + Level 4.7 Spellcasting
 + Level 5.5 Conjurations


You had 6 spell levels left.
You knew the following spells:

 Your Spells              Type           Power        Failure   Level  Hunger
a - Magic Dart            Conj           ####         1%          1    None
b - Searing Ray           Conj           ####..       3%          2    None
c - Iskenderun's Mystic   Conj           ####....     19%         4    ####...

Your spell library contained the following spells:

 Spells                   Type           Power        Failure   Level  Hunger
 Dazzling Spray           Conj/Hex       ###...       19%         3    ##.....
 Force Lance              Conj/Tloc      ###.....     52%         4    ####...
 Fulminant Prism          Conj/Hex       ###.......   52%         4    ####...


Dungeon Overview and Level Annotations

Branches:
Dungeon (3/15)

Altars:

Annotations:
D:3 Sigmund


Message History

Confirm with . or Enter, or press ? or * to list all spells.
Okay, then.
Something hits you!
Casting: Magic Dart (safe; 1% risk of failure)
Confirm with . or Enter, or press ? or * to list all spells.
You can't see any susceptible monsters within range! (Use Z to cast anyway.)
Casting: Magic Dart (safe; 1% risk of failure)
Confirm with . or Enter, or press ? or * to list all spells.
Aiming: Searing Ray (safe; 3% risk of failure)
Press: ? - help, Shift-Dir - straight line The searing ray hits something. (Press . to maintain the ray.)
Something hits you but does no damage. Something hits you!
* * * LOW HITPOINT WARNING * * *
You finish channeling your searing ray.
You hear some strange, mumbled words.
Something tries to affect you, but you resist.
Something hits you!
You die...

#................................
##........###......###.#...#.#...
##........# #......###.#.###.#...
##........# #......#.....# #.#...
##...###### #......#.....# #.#...
##.### #.....(#.....# #.####
##.####### #......#.....# #.#
.........####......#.....# #.#
.........+......@.{.##+### #.## #
.........##########.## #..# #
.).......# #....# ##.###
##'##.### #....# #..## ....# ..
#....# ##.## ##### # #....# #.##
....# #.$..# #.## ###.# .....#
#.## ###.# ......# #.[#


There were no monsters in sight!

Vanquished Creatures
  A jelly (D:3)
  4 gnolls
  6 adders
  2 worms (D:2)
  A dart slug (D:1)
  An orc (D:3)
  3 bats
  2 giant cockroaches (D:3)
  5 goblins
  7 hobgoblins
  3 jackals
  A ball python (D:3)
  3 frilled lizards
  7 kobolds
  3 rats
49 creatures vanquished.

Notes
Turn   | Place    | Note
-------+----------+-------------------------------------------
     0 | D:1      | Lilu the Deep Elf Conjurer began the quest for the Orb.
     0 | D:1      | Reached XP level 1. HP: 10/10 MP: 6/6
   213 | D:1      | Reached XP level 2. HP: 15/15 MP: 5/8
   243 | D:1      | Learned a level 2 spell: Searing Ray
   862 | D:2      | Reached XP level 3. HP: 19/19 MP: 6/10
   998 | D:2      | Reached skill level 5 in Conjurations
  1018 | D:2      | Reached XP level 4. HP: 24/24 MP: 9/12
  1605 | D:3      | Reached XP level 5. HP: 28/28 MP: 9/13
  1952 | D:3      | Noticed Sigmund
  1959 | D:3      | Learned a level 4 spell: Iskenderun's Mystic Blast
  1978 | D:3      | Slain by Sigmund

Vault maps used:
D:1:      dpeg_arrival_rooms_with_view
D:2:      first_ration, serial_rivers, chequers_serial_rivers_room_b,
          chequers_serial_rivers_micro_c, chequers_serial_rivers_small_3,
          chequers_serial_rivers_micro_a
D:3:      chequers_serial_rivers_micro_d, uniq_sigmund

Skill      XL: |  1  2  3  4 |
---------------+-------------+-----
Dodging        | 3 4 |  4.2
Conjurations   | 5 |  5.5
Spellcasting   | 4 |  4.7
Stealth        | |  2.8

Action                   |  1- 3 |  4- 6 || total
-------------------------+-------+-------++-------
 Cast: Magic Dart        |    61 |    56 ||   117
       Searing Ray       |       |     1 ||     1
  Use: Potion            |       |     1 ||     1
  Eat: Chunk             |       |     3 ||     3
Armor: Robe              |     5 |     4 ||     9
       Leather armour    |       |     1 ||     1
Dodge: Dodged            |    23 |    17 ||    40

Table legend:
 A = Non-vault XP
 B = Vault XP
 C = Vault XP percentage of total XP
 D = Non-vault monster count
 E = Vault monster count
 F = Vault count percentage of total count
                 A         B        C        D         E       F
            +---------+---------+-------+---------+---------+-------
      Total |     248 |       3 |   1.2 |      47 |       2 |   4.1
            +---------+---------+-------+---------+---------+-------
        D:1 |      62 |       3 |   4.6 |      14 |       2 |  12.5
        D:2 |     111 |       0 |   0.0 |      21 |       0 |   0.0
        D:3 |      75 |       0 |   0.0 |      12 |       0 |   0.0
            +---------+---------+-------+---------+---------+-------
